 Dungeon Crawl Stone Soup version 0.30-a0-297-g0ec75d9ef4 (webtiles) character file.

Game seed: 17151845419224423657

1820 purpskrrrp the Covert (level 8, 0/42 HPs)
             Began as a Spriggan Monk on Oct 18, 2022.
             Was a Believer of Nemelex Xobeh.
             Slain by an orc warrior
             ... wielding a +0 halberd
              (15 damage)
             ... in a bailey.
             The game lasted 00:21:01 (7542 turns).

purpskrrrp the Covert (Spriggan Monk)               Turns: 7542, Time: 00:21:01

Health: 0/42       AC:  4    Str:  7    XL:     8   Next: 85%
Magic:  9/9        EV: 22    Int: 11    God:    Nemelex Xobeh [**....]
Gold:   386        SH:  0    Dex: 20    Spells: 4/7 levels left

rFire   . . .      SeeInvis +    q - +4 quick blade of Lucvawor {vorpal, rPois rN+}
rCold   . . .      Faith    .    (no shield)
rNeg    + . .      Spirit   .    b - +2 robe
rPois   +          Reflect  .    (helmet restricted)
rElec   .          Harm     .    (no cloak)
rCorr   .          Rampage  .    (gloves unavailable)
Will    +....                    (boots unavailable)
Stlth   +++++.....               (no amulet)
HPRegen 0.27/turn                t - ring of poison resistance
MPRegen 0.11/turn                (no ring)

@: very quick
A: very small, no large weapons, unfitting armour, see invisible, speed 3
a: Renounce Religion, Draw Escape, Draw Destruction, Draw Summoning


You were in a bailey.
You worshipped Nemelex Xobeh.
Nemelex Xobeh was pleased with you.
You visited 1 branch of the dungeon, and saw 7 of its levels.
You also visited: Bailey.

You collected 386 gold pieces.

Inventory:

Hand Weapons
 a - a +0 short sword
 d - a +3 dagger of venom
 g - a +0 dagger
 q - the +4 quick blade of Lucvawor (weapon) {vorpal, rPois rN+}
   (You acquired it on level 5 of the Dungeon)

   It inflicts extra damage upon your enemies.
   rPois:     It protects you from poison.
   rN:        It protects you from negative energy.
Missiles
 x - 2 throwing nets (quivered)
Armour
 b - a +2 robe (worn)
 h - an orb of energy
Jewellery
 t - a ring of poison resistance (left hand)
Wands
 k - a wand of flame (50)
 r - a wand of polymorph (4)
 v - a wand of roots (1)
Scrolls
 o - a scroll of butterflies
 s - 3 scrolls of identify
 y - a scroll of enchant armour
Potions
 c - a potion of ambrosia
 e - 2 potions of haste
 f - 3 potions of might
 i - a potion of cancellation {unknown}
 j - 3 potions of brilliance {unknown}
 l - a potion of heal wounds {unknown}
 m - 3 potions of lignification
 n - 2 potions of mutation {unknown}
 p - 2 potions of berserk rage
 w - a potion of magic {unknown}
 z - a potion of flight {unknown}


   Skills:
 + Level 4.6 Fighting
 + Level 7.8 Short Blades
 + Level 7.3 Dodging
 * Level 10.8 Stealth


You had 4 spell levels left.
You knew the following spells:

 Your Spells              Type           Power      Damage    Failure   Level
a - Mephitic Cloud        Conj/Pois/Air  0%         N/A       71%         3

Your spell library contained the following spells:

 Spells                   Type           Power      Damage    Failure   Level
 Beastly Appendage        Tmut           0%         N/A       34%         1
 Summon Small Mammal      Summ           0%         N/A       34%         1
 Cigotuvi's Dreadful Rot  Necr/Pois/Air  0%         N/A       47%         2
 Poisonous Vapours        Pois/Air       0%         N/A       47%         2
 Wereblood                Tmut           0%         N/A       47%         2
 Ozocubu's Armour         Ice            0%         N/A       71%         3
 Spider Form              Tmut/Pois      0%         N/A       71%         3
 Ozocubu's Refrigeration  Ice            0%         4d7       100%        7


Dungeon Overview and Level Annotations

Branches:
Dungeon (7/15)             Temple (0/1) D:7          Bailey (1/1)

Altars:
Elyvilon
Kikubaaqudgha
Nemelex Xobeh
Sif Muna
Vehumet
Yredelemnul
Zin

Shops:
D:3 [   D:5 *   D:6 [

Annotations:
D:5 3 runed translucent doors, testman's ghost, novice OgBe


Innate Abilities, Weirdness & Mutations

You are very small and have problems with some larger weapons.
You are too small for most types of armour.
You have supernaturally acute eyesight. (SInv)
You cover ground extremely quickly. (Speed+++)


Message History

An orc warrior is nearby!
An orc warrior is nearby!
An orc warrior is nearby!
You closely miss the orc warrior.
The orc warrior shouts!
You hit the orc warrior.
The orc warrior is lightly wounded.
You hit the orc warrior but do no damage.
The orc warrior is lightly wounded.
The orc warrior misses you.
You closely miss the orc warrior.
The orc warrior is lightly wounded.
You hit the orc warrior but do no damage.
The orc warrior is lightly wounded.
You closely miss the orc warrior.
The orc warrior is lightly wounded.
You hit the orc warrior but do no damage.
The orc warrior is lightly wounded.
The orc warrior barely misses you.
You hit the orc warrior but do no damage.
The orc warrior is lightly wounded.
You hit the orc warrior but do no damage.
The orc warrior is lightly wounded.
You hit the orc warrior but do no damage.
The orc warrior is lightly wounded.
The orc warrior completely misses you.
You hit the orc warrior but do no damage.
The orc warrior is lightly wounded.
You hit the orc warrior.
The orc warrior is lightly wounded.
You barely miss the orc warrior.
The orc warrior is lightly wounded.
The orc warrior hits you with a +0 halberd!
You enter the shallow water.
Moving in this stuff is going to be slow.
The orc warrior completely misses you. The orc warrior completely misses you.
The orc warrior hits you from afar with a +0 halberd!
You die...
Your body glows slightly and disappears.

###########
#.........##
..~~~~~~~..##
.~~.o...~~..##
~~).###..~~..##########
~..## ##o.~~....@.....#
.)##.∩.##o.)~~~~~~~~~.#
.##.....##)..)....o.~.#
#####+###'#########.~.#
........## ##.~.#
≈≈≈≈≈≈≈o.## ##..~.#
≈..ooo≈≈..## ##..)~.#
..⌠∩⌠..o...#'#..~o.∩#
§..⌠o..≈≈..#'#..~~.##


You could see an orc knight (wandering) and an orc warrior.

Vanquished Creatures
  An orc warrior (Bailey)
  A sky beast (D:6)
  2 black bears
  2 ice beasts (D:6)
  An ogre (D:6)
  A bullfrog (D:7)
  A gnoll sergeant (D:6)
  A necrophage (D:6)
  4 scorpions
  2 wights (D:7)
  An electric eel (D:7)
  3 hounds
  A jelly (D:4)
  4 iguanas
  Ijyb (D:4)
  2 orc wizards
  8 gnolls
  8 adders
  A shadow imp (D:4)
  5 worms
  2 dart slugs (D:1)
  37 orcs
  8 bats
  8 endoplasms
  2 giant cockroaches
  6 hobgoblins
  7 kobolds
  2 quokkas (D:2)
  3 ball pythons
  5 frilled lizards
  7 goblins
  5 rats
142 creatures vanquished.

Notes
Turn   | Place    | Note
-------+----------+-------------------------------------------
     0 | D:1      | purpskrrrp the Spriggan Monk began the quest for the Orb.
     0 | D:1      | Reached XP level 1. HP: 11/11 MP: 2/2
   174 | D:1      | Reached XP level 2. HP: 16/16 MP: 3/3
   627 | D:2      | You fall into a shaft and drop 2 floors!
   670 | D:4      | Reached skill level 4 in Stealth
   670 | D:4      | Reached XP level 3. HP: 19/19 MP: 4/4
   717 | D:4      | Reached XP level 4. HP: 18/23 MP: 5/5
  1310 | D:2      | Reached skill level 5 in Stealth
  1689 | D:3      | Found Lompucox's Armour Shop.
  2096 | D:3      | Reached XP level 5. HP: 19/28 MP: 6/6
  2380 | D:4      | Found Qiclodaf's Antique Weapon Boutique.
  2381 | D:4      | Noticed Ijyb
  2389 | D:4      | Killed Ijyb
  2692 | D:4      | Reached skill level 5 in Dodging
  2692 | D:4      | Reached skill level 6 in Stealth
  2892 | D:4      | Found an ancient bone altar of Kikubaaqudgha.
  2892 | D:4      | Found a shimmering blue altar of Sif Muna.
  2894 | D:4      | Found a radiant altar of Vehumet.
  2899 | D:4      | Got Sif Muna's Book of the Gathering
  2915 | D:4      | Reached skill level 5 in Short Blades
  2934 | D:4      | Reached XP level 6. HP: 12/32 MP: 7/7
  3244 | D:5      | Entered Level 5 of the Dungeon
  3505 | D:5      | Found Zin's Purification Station.
  3506 | D:5      | Found a glowing silver altar of Zin.
  3553 | D:5      | Reached skill level 7 in Stealth
  3775 | D:5      | Found a runed translucent gate.
  3776 | D:5      | Found a runed translucent gate.
  3776 | D:5      | Found a runed translucent gate.
  3839 | D:5      | Reached XP level 7. HP: 27/36 MP: 8/8
  4246 | D:5      | Noticed testman's ghost (novice OgBe)
  4382 | D:5      | Found a basalt altar of Yredelemnul.
  4686 | D:5      | Identified a scroll of acquirement
  4686 | D:5      | Acquired the +4 quick blade of Lucvawor {vorpal, rPois rN+}
  4832 | D:6      | Reached skill level 8 in Stealth
  5247 | D:6      | Found a sparkling altar of Nemelex Xobeh.
  5276 | D:6      | Found Keoh's Armour Shop.
  5465 | D:6      | Reached skill level 9 in Stealth
  5465 | D:6      | Reached XP level 8. HP: 42/42 MP: 9/9
  5516 | D:6      | Found a white marble altar of Elyvilon.
  5891 | D:6      | Became a worshipper of Nemelex Xobeh the Trickster
  5891 | D:6      | Reached * piety under Nemelex Xobeh
  5891 | D:6      | Received a gift from Nemelex Xobeh
  5891 | D:6      | Reached ** piety under Nemelex Xobeh
  6044 | D:6      | Reached skill level 10 in Stealth
  6734 | D:7      | Found a flagged portal.
  6745 | Bailey   | Entered a bailey
  6815 | Bailey   | Learned a level 3 spell: Mephitic Cloud
  7196 | Bailey   | Noticed an orc knight
  7542 | Bailey   | Slain by an orc warrior

Illustrated notes

Levels and vault maps discovered:
D:1:      minmay_arrival_doors, layout_rooms
D:2:      layout_basic
D:3:      layout_basic, serial_shops, nicolae_shop_crystal
D:4:      layout_basic, grunt_temple_overflow_magic_moments, serial_shops, shop,
          uniq_ijyb
D:5:      layout_basic, kennysheep_little_box, zin_purify, gammafunk_ghost_icy
D:6:      layout_rooms, mainiacjoe_overflow_alcove_2,
          mainiacjoe_overflow_cross_hatched, serial_shops, shop
D:7:      layout_layer_cave, gammafunk_temple_overflow_pools, temple_fountains,
          enter_bailey_2, hangedman_decor_slide_cut, amcnicky_mini_pool_small,
          minivault_4
Bailey:   bailey_polearm_1, bailey

Skill      XL: |  1  2  3  4  5  6  7  8 |
---------------+-------------------------+-----
Stealth        | 4 5 6 7 9 10 | 10.8
Short Blades   | 4 5 6 7 |  7.8
Fighting       | 3 4 |  4.6
Dodging        | 5 6 7 |  7.3

Action                   |  1- 3 |  4- 6 |  7- 9 || total
-------------------------+-------+-------+-------++-------
Melee: Short sword       |    48 |       |       ||    48
       Dagger            |    25 |   185 |    36 ||   246
       Punch             |       |     1 |     6 ||     7
       Quick blade       |       |       |   331 ||   331
  Use: Scroll            |     2 |     4 |    10 ||    16
       Potion            |       |     1 |       ||     1
 Stab: Sleeping          |     6 |    17 |     8 ||    31
       Distracted        |       |     1 |       ||     1
Armor: Robe              |     7 |    17 |     7 ||    31
Dodge: Dodged            |    41 |   120 |   164 ||   325

Table legend: (Time is in decaauts)
 A = Elapsed time spent in this place.
 B = Non-inter-level travel time spent in this place.
 C = Inter-level travel time spent in this place.
 D = Time resting spent in this place.
 E = Time spent auto-exploring this place.
 F = Levels seen in this place.
 G = Mean time per level.
                   A        B        C        D        E       F      G
               +--------+--------+--------+--------+--------+-----+--------+
         Total |   5341 |   4994 |    347 |   1527 |   2302 |   8 |  667.6 |
       Dungeon |   4774 |   4427 |    347 |   1235 |   2277 |   7 |  682.0 |
        Bailey |    567 |    567 |      0 |    291 |     25 |   1 |  567.0 |
               +--------+--------+--------+--------+--------+-----+--------+

Top non-repeatable levels by time:
     D:5: 1336 daAuts
     D:4: 925 daAuts
     D:6: 707 daAuts
     D:3: 680 daAuts
  Bailey: 567 daAuts
     D:2: 443 daAuts
     D:1: 437 daAuts
     D:7: 243 daAuts
